 Dungeon Crawl Stone Soup version 0.24.0-13-gcf9b319 (webtiles) character file.

Game seed: 2914387016414097167, levelgen mode: deterministic

11257 Fang the Fighter (level 11, -3/109 HPs)
             Began as a Gargoyle Berserker on Nov 13, 2019.
             Was a High Priest of Trog.
             Slain by Gastronok (18 damage)
             ... on level 10 of the Dungeon.
             The game lasted 00:12:23 (10435 turns).

Fang the Fighter (Gargoyle Berserker)              Turns: 10435, Time: 00:12:24

Health: -3/109     AC: 23    Str: 28    XL:     11   Next: 74%
Magic:  11/11      EV: 11    Int:  9    God:    Trog [*****.]
Gold:   554        SH:  0    Dex:  9    Spells: 10/10 levels left

rFire    . . .     SeeInvis .   a - +1 war axe
rCold    . . .     Gourm    .   (no shield)
rNeg     + . .     Faith    .   b - +1 plate armour
rPois    ∞         Spirit   .   (no helmet)
rElec    +         Reflect  .   (no cloak)
rCorr    .         Harm     .   (no gloves)
MR       +....                  (no boots)
Stlth    ..........             d - amulet of regeneration
HPRegen  0.68/turn              q - ring of protection from magic
MPRegen  0.12/turn              (no ring)

@: berserking (expiring), very quick
A: negative energy resistance 1, electricity resistance, unbreathing,
petrification resistance, rot immunity, AC +8
a: Berserk, Trog's Hand, Brothers in Arms, Renounce Religion


You were on level 10 of the Dungeon.
You worshipped Trog.
Trog was extremely pleased with you.
You were very hungry.

You visited 2 branches of the dungeon, and saw 11 of its levels.

You collected 554 gold pieces.

Inventory:

Hand Weapons
 a - a +1 war axe (weapon)
 A - a +0 hand axe of flaming
Armour
 b - a +1 plate armour (worn)
Jewellery
 d - an amulet of regeneration (around neck)
 q - a ring of protection from magic (left hand)
Wands
 o - a wand of paralysis (11)
 D - a wand of scattershot (6)
 I - a wand of clouds (3)
Scrolls
 g - 4 scrolls of teleportation
 j - 2 scrolls of fear
 k - a scroll of blinking
 l - 3 scrolls of enchant weapon
 m - 7 scrolls of remove curse
 r - a scroll of magic mapping
Potions
 e - 4 potions of curing
 f - 2 potions of mutation {unknown}
 i - 2 potions of degeneration {unknown}
 p - 3 potions of might {unknown}
 s - a potion of ambrosia {unknown}
 t - 2 potions of haste
 u - a potion of heal wounds
 x - a potion of flight
 B - a potion of resistance
 E - 2 potions of agility
Comestibles
 c - 12 rations


   Skills:
 + Level 10.5 Fighting
 + Level 8.9 Axes
 + Level 10.3 Armour
 + Level 7.9 Dodging


You had 10 spell levels left.
You didn't know any spells.
Your spell library was empty.

Dungeon Overview and Level Annotations

Branches:
Dungeon (10/15)            Temple (1/1) D:7            Lair (0/6) D:9
    Orc (0/2) D:9

Altars:
Cheibriados
Dithmenos
Gozag
Hepliaklqana
Kikubaaqudgha
Okawaru
Sif Muna
Trog
Uskayaw
Vehumet
Xom
Yredelemnul
Zin
The Shining One
Beogh

Shops:
D:8 [

Annotations:
D:10 Gastronok


Innate Abilities, Weirdness & Mutations

You are resistant to torment.
Your stone body is resilient. (AC +8)
You are immune to poison.
You resist negative energy. (rN+)
You are resistant to electric shocks. (rElec)
You can survive without breathing.
You are immune to petrification.
You are immune to rotting.


Message History

Gastronok is moderately wounded.
You slice Gastronok!!
Gastronok is heavily wounded.
Gastronok bites you!!
You barely miss Gastronok.
Gastronok is heavily wounded.
You slice Gastronok!!
Gastronok is heavily wounded.
You slice Gastronok!!
Gastronok is severely wounded.
Gastronok bites you!!
* * * LOW HITPOINT WARNING * * *
You slash Gastronok!
Gastronok is severely wounded.
You hit Gastronok.
Gastronok is almost dead.
You slash Gastronok!
Gastronok is almost dead.
Gastronok bites you!!
You die...

###################
#..................
#..................
#..###........####.
#.@# #........# #.
#w.# #........# #.
#..# #........# #.
#..# #........# #.
#..# #........# #.
#..###........# #.
#.............####.
#..................
#..###.............


You could see Gastronok.

Vanquished Creatures
  Josephine (D:10)
  Harold (D:10)
  Erica (D:10)
  2 two-headed ogres (D:10)
  An unseen horror (D:10)
  A centaur zombie (D:10)
  Grinder (D:6)
  5 hippogriffs
  5 wraiths (D:10)
  A hungry ghost (D:10)
  An acid dragon (D:8)
  3 porcupines (D:9)
  11 orc warriors
  3 ice beasts
  3 phantoms
  A sky beast (D:10)
  A black bear (D:10)
  2 ogres
  2 centaurs
  A big kobold (D:8)
  3 bullfrogs
  6 scorpions
  2 water moccasin skeletons
  6 killer bees
  A howler monkey (D:9)
  7 crimson imps
  2 bullfrog zombies (D:10)
  4 orc priests
  A centaur skeleton (D:5)
  8 hounds
  A jelly (D:10)
  4 orc wizards
  2 bullfrog skeletons
  3 iguanas
  Natasha (thrice) (D:2)
  11 worker ants
  A hound skeleton (D:4)
  A worker ant zombie (D:8)
  8 adders
  8 gnolls
  2 shadow imps (D:6)
  3 adder zombies
  An adder skeleton (D:9)
  A worm (D:3)
  2 dart slugs
  6 leopard geckos
  38 orcs
  2 ball pythons
  8 bats
  10 giant cockroaches
  4 hobgoblins
  24 jackals
  4 quokkas
  8 frilled lizards
  8 goblins
  10 kobolds
  A leopard gecko skeleton (D:8)
  6 rats
  2 fungi (D:9)
269 creatures vanquished.

Vanquished Creatures (others)
  A worm (D:3)
1 creature vanquished.

Grand Total: 270 creatures vanquished

Notes
Turn   | Place    | Note
-------+----------+-------------------------------------------
     0 | D:1      | Fang the Gargoyle Berserker began the quest for the Orb.
     0 | D:1      | Reached XP level 1. HP: 14/14 MP: 1/1
   251 | D:1      | Reached XP level 2. HP: 17/19 MP: 2/2
   943 | D:1      | Reached XP level 3. HP: 23/23 MP: 3/3
  1156 | D:2      | Reached ** piety under Trog
  1485 | D:2      | Reached XP level 4. HP: 28/29 MP: 4/4
  1592 | D:2      | Noticed Natasha
  1602 | D:2      | Killed Natasha
  1968 | D:2      | Noticed Natasha
  1980 | D:2      | Killed Natasha
  1980 | D:2      | Reached XP level 5. HP: 4/33 MP: 5/5
  2330 | D:2      | Noticed Natasha
  2350 | D:2      | Killed Natasha
  2595 | D:3      | Found a glowing golden altar of the Shining One.
  3599 | D:3      | Found a basalt altar of Yredelemnul.
  3601 | D:3      | Noticed a profane servitor
  3618 | D:3      | Noticed an angel
  3700 | D:4      | Reached *** piety under Trog
  3758 | D:4      | Reached XP level 6. HP: 39/39 MP: 6/6
  4127 | D:4      | Reached skill level 5 in Fighting
  4127 | D:4      | Reached XP level 7. HP: 44/44 MP: 7/7
  4234 | D:4      | Found a shimmering altar of Xom.
  4238 | D:4      | Found a shimmering altar of Xom.
  4239 | D:4      | Found a shimmering altar of Xom.
  4240 | D:4      | Found a shimmering altar of Xom.
  4240 | D:4      | Found a shimmering altar of Xom.
  4240 | D:4      | Found a shimmering altar of Xom.
  4241 | D:4      | Found a shimmering altar of Xom.
  4241 | D:4      | Found a shimmering altar of Xom.
  4870 | D:5      | Entered Level 5 of the Dungeon
  5019 | D:5      | Found a shadowy altar of Dithmenos.
  5022 | D:5      | Found a snail-covered altar of Cheibriados.
  5022 | D:5      | Found an iron altar of Okawaru.
  5031 | D:5      | Found a hazy altar of Hepliaklqana.
  5062 | D:5      | Reached skill level 5 in Armour
  5265 | D:5      | Found a radiant altar of Vehumet.
  5511 | D:6      | Reached XP level 8. HP: 50/51 MP: 8/8
  5578 | D:6      | Reached skill level 5 in Axes
  5667 | D:6      | Noticed Grinder
  5680 | D:6      | Paralysed by Grinder for 5 turns
  5692 | D:6      | Killed Grinder
  6145 | D:7      | Noticed a hippogriff
  6153 | D:7      | Killed a hippogriff
  6153 | D:7      | Reached skill level 5 in Dodging
  6153 | D:7      | Reached XP level 9. HP: 44/57 MP: 9/9
  6451 | D:7      | Found a staircase to the Ecumenical Temple.
  6462 | Temple   | Entered the Ecumenical Temple
  6967 | D:7      | Found an ancient bone altar of Kikubaaqudgha.
  6968 | D:7      | Found a bloodstained altar of Trog.
  6968 | D:7      | Found a shimmering altar of Xom.
  6968 | D:7      | Found a hide-covered altar of Uskayaw.
  6990 | D:7      | Found an opulent altar of Gozag.
  6990 | D:7      | Found a shimmering blue altar of Sif Muna.
  7113 | D:8      | Found Bejafy's Armour Emporium.
  7434 | D:8      | Reached **** piety under Trog
  8080 | D:8      | Reached XP level 10. HP: 44/64 MP: 10/10
  8763 | D:9      | Found a glowing silver altar of Zin.
  8975 | D:9      | Found a roughly hewn altar of Beogh.
  8975 | D:9      | Found a staircase to the Orcish Mines.
  8999 | D:8      | HP: 3/66 [orc warrior/+3 flail (8)]
  9006 | D:8      | HP: 1/66 [orc warrior/+3 flail (13)]
  9286 | D:9      | Found a staircase to the Lair.
  9352 | D:10     | Entered Level 10 of the Dungeon
  9361 | D:10     | Noticed a two-headed ogre
  9361 | D:10     | Noticed a two-headed ogre
  9373 | D:10     | Killed a two-headed ogre
  9374 | D:10     | Killed a two-headed ogre
  9374 | D:10     | Reached XP level 11. HP: 33/71 MP: 11/11
  9491 | D:10     | Noticed Josephine
  9511 | D:10     | Killed Josephine
  9511 | D:10     | Reached ***** piety under Trog
  9538 | D:10     | Reached skill level 10 in Fighting
  9575 | D:9      | HP: 3/72 [killer bee (4)]
  9679 | D:10     | Noticed Erica
  9733 | D:10     | Killed Erica
  9814 | D:10     | Noticed Harold
  9833 | D:10     | Killed Harold
  9833 | D:10     | Reached skill level 10 in Armour
  9857 | D:10     | Killed an unseen horror
 10422 | D:10     | Noticed Gastronok
 10435 | D:10     | Slain by Gastronok

Levels and vault maps discovered:
D:1:      dpeg_arrival_simpleton_c, layout_basic
D:2:      layout_loops_ring, st_stairs_10, uniq_natasha
D:3:      layout_basic, grunt_temple_overflow_holy_war,
          kennysheep_generic_room_16
D:4:      layout_loops_ring, first_ration, gup_sewer_entry_bubbles,
          xom_redecorated
D:5:      layout_cave_pools, chequers_temple_overflow_statue_of_worship,
          basic_altar
D:6:      lemuel_ice_spiral_2, layout_basic, uniq_grinder
D:7:      minmay_evil_eye, layout_layer_cave, minmay_overflow_temple_hex,
          minmay_temple_entry_hall
D:8:      wad_cavern_with_rooms, layout_layer_cave, serial_shops,
          nicolae_shop_stone
D:9:      layout_cave_pools, zin_academy, grunt_lair_entry_orc_guard_hut,
          david_orc_5, hangedman_abyss_or_decor_passed
D:10:     layout_small_grid, uniq_josephine, uniq_gastronok, uniq_harold,
          uniq_erica
Temple:   kb_corrupted_temple

Skill      XL: |  1  2  3  4  5  6  7  8  9 10 11 |
---------------+----------------------------------+-----
Axes           | 3 4 5 6 8 |  8.9
Dodging        | 2 3 4 5 6 7 |  7.9
Armour         | 3 4 5 6 7 9 10 | 10.3
Fighting       | 4 5 7 8 9 10 | 10.5

Action                   |  1- 3 |  4- 6 |  7- 9 | 10-12 || total
-------------------------+-------+-------+-------+-------++-------
Melee: Hand axe          |   154 |   174 |       |       ||   328
       War axe           |       |    49 |   561 |   406 ||  1016
Invok: Berserk           |       |     2 |     2 |     9 ||    13
       Trog's Hand       |       |       |       |     4 ||     4
  Use: Potion            |       |       |       |     2 ||     2
       Scroll            |       |       |       |    18 ||    18
 Stab: Sleeping          |       |     2 |       |       ||     2
  Eat: Chunk             |     2 |    11 |    15 |    15 ||    43
       Ration            |       |       |       |     2 ||     2
Armor: Animal skin       |    54 |    39 |       |       ||    93
       Plate armour      |       |   101 |   552 |   579 ||  1232
Dodge: Dodged            |   129 |   139 |   310 |   309 ||   887
